[ AOE2 MATCH · #484496839 ]
Team RMTeutons vs Malians
[ REPLAY ANALYSIS · EXTRACTED FROM THE RECORDED GAME ]
Feudal
—
Castle
—
Imperial
—
| APM avg | 15.3 |
| APM peak | 30 |
| eAPM avg | 5.8 |
| Villagers / military | 4 / 0 |
Focus
⚔️ 0.0% · 🌾 100.0%
Feudal
—
Castle
—
Imperial
—
| APM avg | 6.3 |
| APM peak | 23 |
| eAPM avg | 3.2 |
| Villagers / military | 3 / 0 |
Focus
⚔️ 0.0% · 🌾 100.0%
Feudal
—
Castle
—
Imperial
—
| APM avg | 3.6 |
| APM peak | 16 |
| eAPM avg | 2.7 |
| Villagers / military | 4 / 0 |
Focus
⚔️ 33.3% · 🌾 66.7%
Feudal
—
Castle
—
Imperial
—
| APM avg | 14.9 |
| APM peak | 21 |
| eAPM avg | 5.2 |
| Villagers / military | 8 / 0 |
Focus
⚔️ 0.0% · 🌾 100.0%
Feudal
—
Castle
—
Imperial
—
| APM avg | 6.8 |
| APM peak | 31 |
| eAPM avg | 2.7 |
| Villagers / military | 4 / 0 |
Focus
⚔️ 0.0% · 🌾 100.0%
Feudal
—
Castle
—
Imperial
—
| APM avg | 5.8 |
| APM peak | 25 |
| eAPM avg | 4.1 |
| Villagers / military | 4 / 0 |
Focus
⚔️ 12.5% · 🌾 87.5%
Feudal
—
Castle
—
Imperial
—
| APM avg | 1.4 |
| APM peak | 7 |
| eAPM avg | 1.4 |
| Villagers / military | 0 / 0 |
Feudal
—
Castle
—
Imperial
—
| APM avg | 7.4 |
| APM peak | 27 |
| eAPM avg | 4.3 |
| Villagers / military | 10 / 0 |
Focus
⚔️ 0.0% · 🌾 100.0%
Match map
Resources at game start + every placement click. Thick line = wall · dashed box = detected house wall. 🟡 gold · ⚪ stone · 🟢 berries · 🔶 boar · ⭕ relic
Inputs per minute
— Twixxo - - Gori11a
Build order — Twixxo
6 actions detected in the replay
| 0:11 | Build | House |
| 0:15 | Research | Loom |
| 0:16 | Create | Villager (Male) |
| 0:18 | Create | Villager (Male) |
| 0:39 | Create | Villager (Male) |
| 1:00 | Create | Villager (Male) |
Build order — Gori11a
8 actions detected in the replay
| 0:06 | Research | Loom |
| 0:06 | Create | Villager (Male) |
| 0:06 | Create | Villager (Male) |
| 0:07 | Create | Villager (Male) |
| 0:45 | Build | House |
| 0:47 | Build | House |
| 0:50 | Build | House |
| 0:52 | Build | House |
Build order — angelottis
6 actions detected in the replay
| 0:04 | Research | Loom |
| 0:05 | Create | Villager (Male) |
| 0:06 | Create | Villager (Male) |
| 0:07 | Create | Villager (Male) |
| 0:07 | Create | Villager (Male) |
| 0:18 | Build | Palisade Wall |
Build order — ReGa
10 actions detected in the replay
| 0:06 | Create | Villager (Male) |
| 0:07 | Create | Villager (Male) |
| 0:13 | Build | House |
| 0:38 | Create | Villager (Male) |
| 0:39 | Create | Villager (Male) |
| 0:47 | Build | House |
| 5:24 | Create | Villager (Male) |
| 5:27 | Create | Villager (Male) |
| 5:27 | Create | Villager (Male) |
| 5:27 | Create | Villager (Male) |
Build order — Maximus
4 actions detected in the replay
| 0:02 | Build | House |
| 0:04 | Build | House |
| 0:06 | Build | Mill |
| 0:25 | Create | Villager (Male) ×4 |
Build order — しこっぴ
9 actions detected in the replay
| 0:03 | Research | Loom |
| 0:04 | Create | Villager (Male) |
| 0:04 | Create | Villager (Male) |
| 0:05 | Create | Villager (Male) |
| 0:05 | Create | Villager (Male) |
| 0:15 | Build | House |
| 0:17 | Build | House |
| 0:19 | Build | House |
| 0:20 | Build | House |
Build order — Elite Savage
0 actions detected in the replay
Build order — 尘
12 actions detected in the replay
| 0:03 | Create | Villager (Male) |
| 0:03 | Create | Villager (Male) |
| 0:05 | Build | House |
| 0:07 | Build | House |
| 0:24 | Create | Villager (Male) |
| 0:24 | Create | Villager (Male) |
| 0:25 | Create | Villager (Male) |
| 1:32 | Create | Villager (Male) |
| 1:33 | Create | Villager (Male) |
| 1:55 | Create | Villager (Male) |
| 1:56 | Create | Villager (Male) |
| 1:56 | Create | Villager (Male) |
Match timeline
| 0:18 | angelottis · wall_segment Palisade Wall x13 |
| 1:36 | angelottis · resign |
[ AI ANALYSIS · 1 CREDIT ]
What really happened in this match?
Wolo.gg analyzes every decision: build order, eco, micro, common mistakes by bracket. Personalized analysis on WhatsApp or Discord in 30 seconds.
Civ guide
Teutons
Map guide
Black Forest
Perfil
Twixxo